 Dungeon Crawl Stone Soup version 0.18.1-50-g88ac8fd (webtiles) character file.

63 WhiskeyPanda the Chiller (level 4, 0/33 HPs)
             Began as a Ghoul Ice Elementalist on Sept 26, 2016.
             Was an Initiate of Qazlal.
             Slain by a worm (7 damage)
             ... on level 3 of the Dungeon.
             The game lasted 00:15:38 (2113 turns).

WhiskeyPanda the Chiller (Ghoul Ice Elementalist)   Turns: 2113, Time: 00:15:38

Health: 0/33       AC:  3    Str: 11    XL:     4   Next: 10%
Magic:  6/6        EV: 12    Int: 11    God:    Qazlal [......]
Gold:   115        SH:  0    Dex:  9    Spells: 1 memorised, 6 levels left

rFire  . . .     SeeInvis .     (no weapon)
rCold  + . .     Gourm    .     a - +0 robe
rNeg   + + +     Faith    .     (no shield)
rPois  ∞         Spirit   .     (no helmet)
rElec  .         Dismiss  .     (no cloak)
rCorr  .         Reflect  .     (no gloves)
SustAt .         Harm     .     i - +0 pair of boots
MR     .....                    (no amulet)
Stlth  ++........               (no ring)
                                (no ring)

@: rotting, not resistant to hostile enchantments, unstealthy
A: rotting body, claws 1, carnivore 3, cold resistance 1, negative energy
resistance 3, slow regeneration 1, torment resistance, unbreathing
a: Renounce Religion


You were on level 3 of the Dungeon.
You worshipped Qazlal.
Qazlal was noncommittal.
You were not hungry.

You visited 1 branch of the dungeon, and saw 3 of its levels.

You collected 115 gold pieces.

Inventory:

Hand Weapons
 c - a +4 dagger of speed
Armour
 a - a +0 robe (worn)
 i - a +0 pair of boots (worn)
Scrolls
 d - a scroll of enchant weapon {unknown}
 e - 2 scrolls of enchant armour
 f - a scroll of remove curse
 j - a scroll of immolation {unknown}
Potions
 g - a potion of curing
 h - a potion of haste {unknown}
Books
 b - a book of Frost

   Spells                             Type                      Level
   a - Freeze                         Ice                          1
   b - Throw Frost                    Conjuration/Ice              2
   c - Ozocubu's Armour               Charms/Ice                   3
   d - Throw Icicle                   Conjuration/Ice              4
   e - Summon Ice Beast               Ice/Summoning                4


   Skills:
 + Level 2.7 Dodging
 + Level 2.2 Stealth
 + Level 2.4 Spellcasting
   Level 0.7 Conjurations
 + Level 4.0 Ice Magic


You had 6 spell levels left.
You knew the following spells:

 Your Spells              Type           Power        Failure   Level  Hunger
a - Freeze                Ice            ##..         6%          1    ##.....


Dungeon Overview and Level Annotations

Branches:
Dungeon (3/15)

Altars:
Fedhas
Kikubaaqudgha
Qazlal
Zin

Annotations:
D:3 epen's ghost, amateur NaMo


Innate Abilities, Weirdness & Mutations

Your body is rotting away.
You thrive on raw meat.
You are immune to poison.
You have sharp fingernails.
You are carnivorous and can eat meat at any time.
Your flesh is cold resistant.
You are immune to negative energy.
You regenerate slowly when monsters are visible.
You are immune to unholy pain and torment.
You can survive without breathing.


Message History

The worm is moderately wounded.
The worm bites you but does no damage.
You scratch the worm but do no damage.
The worm is moderately wounded.
The worm closely misses you.
You scratch the worm.
The worm is moderately wounded.
You scratch the worm.
The worm is moderately wounded.
The worm bites you!
You scratch the worm.
The worm is moderately wounded.
You scratch the worm.
The worm is heavily wounded.
The worm bites you!
* * * LOW HITPOINT WARNING * * *
You barely miss the worm.
The worm is moderately wounded.
The worm bites you!
You die...

#....# . #....# #
#....# ### #....# #.<
# #..$.# #.#
.##.#....####### #
....#..w.......### .#
.......@.......... ...
...##....).....# #.#
#..........# #.#
#.....[....# #.#
#..........# #.#
#..........# #.#
#..........#######.#
....................#
.###################.#


You could see a worm.

Vanquished Creatures
  3 adders
  A worm (D:2)
  2 giant geckos
  A ball python (D:3)
  5 goblins
  5 hobgoblins
  4 kobolds
  5 bats
  2 giant newts (D:1)
  3 rats
31 creatures vanquished.

Notes
Turn   | Place    | Note
--------------------------------------------------------------
     0 | D:1      | WhiskeyPanda the Ghoul Ice Elementalist began the quest for the Orb.
     0 | D:1      | Reached XP level 1. HP: 14/14 MP: 2/2
   475 | D:1      | Reached XP level 2. HP: 2/20 MP: 1/3
  1208 | D:2      | Reached XP level 3. HP: 19/26 MP: 0/5
  1508 | D:2      | Reached skill level 4 in Ice Magic
  1509 | D:2      | Found a stormy altar of Qazlal.
  1521 | D:2      | Became a worshipper of Qazlal Stormbringer
  1679 | D:3      | Found a glowing silver altar of Zin.
  1685 | D:3      | Found a blossoming altar of Fedhas.
  1687 | D:3      | Noticed epen's ghost (amateur NaMo)
  1690 | D:3      | Found an ancient bone altar of Kikubaaqudgha.
  1761 | D:3      | Reached XP level 4. HP: 4/33 MP: 2/6
  2113 | D:3      | Slain by a worm

Skill      XL: |  1  2  3 |
---------------+----------+-----
Dodging        | 2 |  2.7
Spellcasting   | 2 |  2.4
Ice Magic      | 4 |  4.0
Stealth        | |  2.2
Conjurations   | |  0.7

Action                   |  1- 3 |  4- 6 || total
-------------------------+-------+-------++-------
Melee: Unarmed           |    62 |    10 ||    72
 Cast: Freeze            |    41 |     2 ||    43
  Use: Scroll            |     3 |       ||     3
       Potion            |     2 |       ||     2
 Stab: Sleeping          |     1 |       ||     1
  Eat: Chunk             |    17 |       ||    17
       Meat ration       |     2 |       ||     2
Armor: Robe              |    27 |     1 ||    28
Dodge: Dodged            |    79 |     3 ||    82
